AoeStats
← alexh30

Arabia

509750053Analyzed
1v1 RM · 5d ago on Sep 27, 2026· 46m 23s· 2 players
Game mode
Random Map
Map size
Tiny (2 player)
Population
200
Speed
Normal
Resources
Standard
Victory
Conquest
Starting age
Dark Age
Ending age
Imperial Age
RankedLock teamsTeams togetherTeam positionsShared explorationLock speedFull tech treeHidden civsTurbo modeCheats
Victory
Defeat
🇺🇸 Britons · United States
1025
+15
🇦🇺 Persians · Australia
1005
-15
GGeodude
9:50 Loom
11:42 Feudal Age
12:33 Horse Collar
12:45 Double-Bit Axe
16:03 Wheelbarrow
20:02 Castle Age
24:27 Elite Skirmisher
26:07 Fletching
29:55 Bloodlines
29:45 Husbandry
31:00 Forging
30:56 Scale Barding Armor
31:07 Gold Mining
33:48 Gold Shaft Mining
33:16 Heavy Plow
34:17 Bow Saw
35:20 Stone Mining
38:02 Hand Cart
37:55 Bodkin Arrow
42:02 Imperial Age
41:30 Iron Casting
41:16 Chain Barding Armor
40:56 Padded Archer Armor
42:00 Cavalier
43:26 Crop Rotation
43:59 Two-Man Saw
43:29 Conscription
44:46 Leather Archer Armor
45:32 Blast Furnace
45:08 Plate Barding Armor
45:37 Chemistry
45:29 Ballistics
45:28 Town Watch
45:40 Savar
alexh30
6:52 Loom
10:01 Feudal Age
10:37 Double-Bit Axe
10:35 Horse Collar
15:40 Fletching
22:40 Castle Age
21:45 Padded Archer Armor
21:38 Gold Mining
21:39 Stone Mining
22:47 Crossbowman
23:55 Bodkin Arrow
24:15 Leather Archer Armor
26:33 Pikeman
26:40 Light Cavalry
28:33 Wheelbarrow
27:44 Town Watch
28:48 Bow Saw
28:55 Heavy Plow
31:56 Ballistics
31:44 Husbandry
32:40 Hand Cart
37:08 Imperial Age
35:21 Town Patrol
36:02 Yeomen
37:20 Arbalester
40:09 Conscription
41:35 Chemistry
40:49 Warwolf
42:15 Hoardings
41:54 Masonry
44:52 Architecture
44:19 Murder Holes
44:05 Treadmill Crane
44:35 Bracer
Connection lost

Rejoining the realm…

Still unreachable

The connection could not be restored.

Session expired

The server has moved on; the page needs a fresh start.